 Dungeon Crawl Stone Soup version 0.26.0-10-g1f06aea511 (webtiles) character file.

Game seed: 12657727383659932310

389 Dani the Skirmisher (level 6, -4/67 HPs)
             Began as an Ogre Gladiator on Jan 30, 2021.
             Was a Follower of Okawaru.
             Slain by a hound (5 damage)
             ... on level 5 of the Dungeon.
             The game lasted 00:11:45 (5496 turns).

Dani the Skirmisher (Ogre Gladiator)                Turns: 5496, Time: 00:11:46

Health: -4/67      AC:  3    Str: 21    XL:     6   Next: 79%
Magic:  6/6        EV: 10    Int:  9    God:    Okawaru [*.....]
Gold:   170        SH:  0    Dex: 10    Spells: 5/5 levels left

rFire    . . .     SeeInvis .   a - +0 flail
rCold    . . .     Faith    .   (no shield)
rNeg     . . .     Spirit   .   b - +0 robe
rPois    .         Reflect  .   c - +0 hat
rElec    .         Harm     .   (no cloak)
rCorr    .         Rampage  .   (gloves unavailable)
Will     .....                  (boots unavailable)
Stlth    +.........             (no amulet)
HPRegen  0.21/turn              (no ring)
MPRegen  0.10/turn              (no ring)

@: mighty
A: large, unfitting armour, tough skin 1
a: Renounce Religion, Heroism


You were on level 5 of the Dungeon.
You worshipped Okawaru.
Okawaru was aware of your devotion.
You visited 1 branch of the dungeon, and saw 5 of its levels.

You collected 170 gold pieces.

Inventory:

Hand Weapons
 a - a +0 flail (weapon)
Missiles
 Z - 3 throwing nets (quivered)
Armour
 b - a +0 robe (worn)
 c - a +0 hat (worn)
Scrolls
 f - 2 scrolls of identify {unknown}
 h - a scroll of noise {unknown}
 i - 2 scrolls of enchant armour {unknown}
 n - a scroll of enchant weapon {unknown}
 q - a scroll of immolation {unknown}
 r - 2 scrolls of remove curse {unknown}
 s - a scroll of random uselessness {unknown}
 T - 2 scrolls of teleportation
Potions
 d - a potion of heal wounds {unknown}
 e - a potion of ambrosia {unknown}
 k - a potion of degeneration {unknown}
 l - a potion of mutation {unknown}
 o - a potion of lignification {unknown}
 p - a potion of attraction {unknown}


   Skills:
 + Level 5.7 Fighting
 * Level 5.7 Maces & Flails
 - Level 2.0 Throwing
 - Level 2.6 Dodging


You had 5 spell levels left.
You didn't know any spells.
Your spell library was empty.

Dungeon Overview and Level Annotations

Branches:
Dungeon (5/15)
 Temple: D:4-7

Altars:
Ashenzari
Cheibriados
Okawaru

Annotations:
D:4 Eustachio, Grinder, Natasha, Purgy


Innate Abilities, Weirdness & Mutations

You are too large for most types of armour.
You have tough skin. (AC +1)


Message History

You completely miss the orc.
You feel sick.
The orc wizard hits you with a +0 hand axe.
* * * LOW HITPOINT WARNING * * *
The orc hits you but does no damage.
The orc wizard gestures at you while chanting.
The magic dart hits you.
* * * LOW HITPOINT WARNING * * *
You hit the orc.
The orc is almost dead.
You feel sick. The orc barely misses you.
The orc wizard gestures at you while chanting.
The puff of flame hits you.
* * * LOW HITPOINT WARNING * * *
You barely miss the orc.
The orc is almost dead.
You feel sick.
The orc wizard hits you but does no damage.
The orc hits you but does no damage.
You sock the orc wizard!
You kill the orc wizard!
Okawaru accepts your kill.
You feel sick. The orc hits you with a +0 club.
* * * LOW HITPOINT WARNING * * *
You hit the orc.
You kill the orc!
Okawaru accepts your kill.
You feel sick.
You feel sick.
d - a fuming blue potion
Items here: ( ))) [.
You feel sick.
You feel sick.
You feel sick.
Found a dagger.
Found a stone staircase leading down.
You feel sick.
You feel sick.
Natasha, Servant of Life and Death comes into view.
You feel sick.
Natasha hisses angrily.
You see here a dagger.
There is a stone staircase leading down here.
You feel sick. Natasha casts a spell at you. The magic dart hits you.
* * * LOW HITPOINT WARNING * * *
You climb downwards. 2 hounds come into view.
Found four items.
Found two stone staircases leading down.
There is a stone staircase leading up here.
You feel very mighty all of a sudden. The hound bites you.
* * * LOW HITPOINT WARNING * * *
You feel better.
The hound barks!
You hear an angry hiss.
The hound bites you.
* * * LOW HITPOINT WARNING * * *
The hound barely misses you.
You barely miss the hound. The hound bites you but does no damage.
You sock the hound!
The hound is almost dead.
The hound bites you.
* * * LOW HITPOINT WARNING * * *
The hound closely misses you. x2
You barely miss the hound.
The hound is almost dead.
The hound barely misses you. The hound bites you but does no damage.
You closely miss the hound.
The hound is almost dead.
The hound bites you.
* * * LOW HITPOINT WARNING * * *
The hound bites you.
* * * LOW HITPOINT WARNING * * *
A leopard gecko comes into view.
The hound closely misses you. x2
You sock the hound!
You kill the hound!
Okawaru accepts your kill.
You can now gain great but temporary skills.
The hound bites you.
* * * LOW HITPOINT WARNING * * *
The hound bites you.
* * * LOW HITPOINT WARNING * * *
You sock the hound!
The hound is heavily wounded.
The hound barely misses you. x2
You barely miss the hound.
The hound is heavily wounded.
The hound barely misses you.
You sock the hound!
The hound is almost dead.
The hound bites you.
* * * LOW HITPOINT WARNING * * *
The hound bites you.
* * * LOW HITPOINT WARNING * * *
You miss the hound.
The hound is almost dead.
The hound bites you.
You die...

#......# .
###......#.
........#.
#.......
#......#
#......#
#......#
#.>@.#
#.?.lh..#
#.....)...#
...........#
.).........#
.>.......$.#
..........##
.........#.


You could see a hound and a leopard gecko.

Vanquished Creatures
  A scorpion (D:3)
  A hound (D:5)
  3 orc wizards
  A centaur skeleton (D:4)
  Jessica (D:2)
  A howler monkey zombie (D:3)
  A gnoll (D:3)
  3 adders (D:3)
  3 river rats
  An ooze (D:2)
  An adder skeleton (D:4)
  4 worms
  A dart slug (D:2)
  3 leopard geckos
  8 orcs
  2 giant cockroaches (D:1)
  7 goblins
  5 hobgoblins
  6 jackals
  6 bats
  5 frilled lizards
  7 kobolds
  A quokka skeleton (D:4)
  5 rats
77 creatures vanquished.

Notes
Turn   | Place    | Note
-------+----------+-------------------------------------------
     0 | D:1      | Dani the Ogre Gladiator began the quest for the Orb.
     0 | D:1      | Reached XP level 1. HP: 22/22 MP: 1/1
   213 | D:1      | Reached skill level 3 in Fighting
   229 | D:1      | Reached skill level 3 in Maces & Flails
   275 | D:1      | Reached XP level 2. HP: 29/31 MP: 2/2
  1446 | D:2      | Noticed Jessica
  1452 | D:2      | Killed Jessica
  1453 | D:2      | Reached XP level 3. HP: 34/39 MP: 3/3
  1759 | D:2      | Reached XP level 4. HP: 47/48 MP: 4/4
  2032 | D:2      | Found a broken altar of Ashenzari.
  2171 | D:2      | Reached skill level 4 in Maces & Flails
  2355 | D:2      | Reached skill level 4 in Fighting
  2992 | D:3      | Found an iron altar of Okawaru.
  3009 | D:3      | Became a worshipper of Warmaster Okawaru
  3209 | D:3      | Reached XP level 5. HP: 15/55 MP: 5/5
  3963 | D:4      | Found a snail-covered altar of Cheibriados.
  3963 | D:4      | Noticed Eustachio
  4291 | D:4      | Noticed Grinder
  4291 | D:4      | Paralysed by Grinder for 6 turns
  4310 | D:3      | Reached skill level 5 in Maces & Flails
  4479 | D:3      | HP: 11/55 [Grinder (4)]
  4480 | D:3      | HP: 5/55 [Grinder (7)]
  4498 | D:4      | Reached skill level 5 in Fighting
  4509 | D:4      | Reached XP level 6. HP: 28/66 MP: 6/6
  4537 | D:3      | Paralysed by Grinder for 7 turns
  4542 | D:3      | HP: 13/66 [adder (4)]
  4543 | D:3      | HP: 5/66 [adder (5)]
  4548 | D:4      | HP: 8/66 [river rat (5)]
  5193 | D:4      | Noticed Purgy
  5479 | D:4      | HP: 16/66 [poisoned by an orc]
  5481 | D:4      | Noticed Natasha
  5484 | D:4      | HP: 15/66 [poisoned by an orc]
  5485 | D:5      | Entered Level 5 of the Dungeon
  5489 | D:5      | HP: 15/66 [hound (2)]
  5491 | D:5      | HP: 7/66 [hound (4)]
  5492 | D:5      | Reached * piety under Okawaru
  5492 | D:5      | HP: 3/66 [hound (2)]
  5495 | D:5      | HP: 1/67 [hound (1)]
  5496 | D:5      | Slain by a hound

Illustrated notes

Levels and vault maps discovered:
D:1:      wheals_arrival_shading, layout_basic
D:2:      layout_loops_corners, overflow_temple_1_default, uniq_jessica
D:3:      layout_loops_corners, okawaru_altar_gauntlet_db
D:4:      layout_rooms, cheibriados_altar_1, lightli_sewer_entry_pipes,
          uniq_eustachio, uniq_duvessa, uniq_grinder, uniq_natasha, uniq_purgy
D:5:      layout_rooms, yredelemnul_altar_generic

Skill      XL: |  1  2  3  4  5 |
---------------+----------------+-----
Fighting       | 3 4 5 |  5.7
Maces & Flails | 3 4 5 |  5.7
Throwing       | |  2.0
Dodging        | |  2.6

Action                   |  1- 3 |  4- 6 || total
-------------------------+-------+-------++-------
Melee: Flail             |   110 |   214 ||   324
Throw: Throwing net      |       |     1 ||     1
  Use: Potion            |       |     8 ||     8
       Scroll            |       |     2 ||     2
 Stab: Sleeping          |       |     2 ||     2
Armor: Robe              |    53 |    63 ||   116
Dodge: Dodged            |    87 |   138 ||   225

Table legend: (Time is in decaauts)
 A = Elapsed time spent in this place.
 B = Non-inter-level travel time spent in this place.
 C = Inter-level travel time spent in this place.
 D = Time resting spent in this place.
 E = Time spent auto-exploring this place.
 F = Levels seen in this place.
 G = Mean time per level.
                   A        B        C        D        E       F      G
               +--------+--------+--------+--------+--------+-----+--------+
         Total |   5557 |   5236 |    321 |   1226 |   3202 |   5 | 1111.4 |
       Dungeon |   5557 |   5236 |    321 |   1226 |   3202 |   5 | 1111.4 |
               +--------+--------+--------+--------+--------+-----+--------+

Top non-repeatable levels by time:
     D:3: 2730 daAuts
     D:2: 1296 daAuts
     D:1: 1242 daAuts
     D:4: 276 daAuts
     D:5: 11 daAuts

Table legend:
 A = Kills in this place as a percentage of kills in entire the game.
 B = Kills by you in this place as a percentage of kills by you in the entire game.
 C = Kills by friends in this place as a percentage of kills by friends in the entire game.
 D = Other kills in this place as a percentage of other kills in the entire game.
 E = Experience gained in this place as a percentage of experience gained in the entire game.
 F = Experience gained in this place divided by the number of levels of this place that you have seen.
                   A       B       C       D       E      F
               +-------+-------+-------+-------+-------+----------------------
         Total | 100.0 | 100.0 |   N/A |   N/A | 100.0 | 111.2
       Dungeon | 100.0 | 100.0 |   N/A |   N/A | 100.0 | 111.2
               +-------+-------+-------+-------+-------+----------------------
